 Dungeon Crawl Stone Soup version 0.25.1-2-g60ff931df9 (webtiles) character file.

Game seed: 6727922678628153901

56458 gruber the Stickfighter (level 14, -17/133 HPs)
             Began as a Minotaur Gladiator on Aug 21, 2020.
             Was the Champion of Qazlal.
             Demolished by an orc warrior
             ... wielding a +0 dire flail
              (21 damage)
             ... on level 1 of the Orcish Mines.
             The game lasted 00:20:20 (17731 turns).

gruber the Stickfighter (Minotaur Gladiator)       Turns: 17731, Time: 00:20:21

Health: -17/133    AC:  2    Str: 22    XL:     14   Next: 42%
Magic:  19/19      EV: 20    Int: 10    God:    Qazlal [******]
Gold:   1897       SH:  8    Dex: 17    Spells: 13/13 levels left

rFire    + . .     SeeInvis .   C - +5 lajatang of Instinct {flame, *Contam rElec MR+ Dex+2}
rCold    . . .     Gourm    .   (shield currently unavailable)
rNeg     + + .     Faith    .   F - +1 ring mail of the Red Skies {*Contam +Inv Regen+ Int+5}
rPois    +         Spirit   .   K - +1 hat
rElec    +         Reflect  .   r - +0 cloak
rCorr    .         Harm     .   w - +1 pair of gloves
MR       +++..                  (no boots)
Stlth    +.........             M - amulet of Niazxanavu {RegenMP rPois rN++ Str-2 Dex+3}
HPRegen  0.72/turn              l - ring of protection from magic
MPRegen  0.41/turn              A - ring of protection from fire

@: corroded, repel missiles
A: retaliatory headbutt, horns 2
a: Upheaval, Elemental Force, Disaster Area, Renounce Religion, Evoke
Invisibility


You were on level 1 of the Orcish Mines.
You worshipped Qazlal.
Qazlal was exalted by your worship.
You were hungry.

You visited 4 branches of the dungeon, and saw 20 of its levels.

You collected 1897 gold pieces.

Inventory:

Hand Weapons
 C - the +5 lajatang of Instinct (weapon) {flame, *Contam rElec MR+ Dex+2}
   (You found it on level 2 of the Dungeon)

   It has been specially enchanted to burn those struck by it, causing extra
   injury to most foes and up to half again as much damage against particularly
   susceptible opponents.
   Big, fiery blades are also staple armaments of hydra-hunters.
   It affects your dexterity (+2).
   It insulates you from electricity.
   It affects your resistance to hostile enchantments.
   It causes magical contamination when unequipped.
 N - the +5 shortbow of Conservatism {vorpal, rC+ rN+ Int+4}
   (You found it on level 9 of the Dungeon)

   Any arrow fired from it inflicts extra damage.
   It affects your intelligence (+4).
   It protects you from cold.
   It protects you from negative energy.
Missiles
 d - 12 throwing nets
 k - 16 javelins
 R - 5 curare-tipped darts (quivered)
Armour
 r - a +0 cloak (worn)
 w - a +1 pair of gloves (worn)
 F - the +1 ring mail of the Red Skies (worn) {*Contam +Inv Regen+ Int+5}
   (You found it on level 5 of the Dungeon)

   It affects your intelligence (+5).
   It lets you turn invisible.
   It causes magical contamination when unequipped.
   It increases your rate of regeneration.
 K - a +1 hat (worn)
Jewellery
 b - an uncursed ring of see invisible
 l - a ring of protection from magic (left hand)
 m - a +4 ring of evasion {unknown}
 u - an uncursed ring of flight
 A - a ring of protection from fire (right hand)
 L - an uncursed ring of ice {unknown}
 M - the amulet of Niazxanavu (around neck) {RegenMP rPois rN++ Str-2 Dex+3}
   (You took it off an orc warrior on level 9 of the Dungeon)

   [amulet of magic regeneration]

   It increases your magic regeneration.
   It affects your strength (-2).
   It affects your dexterity (+3).
   It protects you from poison.
   It greatly protects you from negative energy.
 O - a cursed -4 ring of intelligence {unknown}
 S - an uncursed ring of poison resistance {unknown}
 X - a cursed ring of teleportation {unknown}
 Z - an uncursed ring of positive energy {unknown}
Wands
 c - a wand of paralysis (28)
 H - a wand of iceblast (13)
 T - a wand of polymorph (5)
 W - a wand of disintegration (8)
Scrolls
 e - 4 scrolls of enchant weapon
 g - a scroll of acquirement {unknown}
 i - 5 scrolls of immolation
 j - 2 scrolls of random uselessness {unknown}
 q - 2 scrolls of fog {unknown}
 s - 2 scrolls of enchant armour {unknown}
 v - 4 scrolls of fear {unknown}
 x - 11 scrolls of remove curse {unknown}
 y - 4 scrolls of noise {unknown}
 B - 4 scrolls of blinking
 D - 4 scrolls of amnesia
 E - 2 scrolls of teleportation
 P - 2 scrolls of magic mapping
 Q - a scroll of brand weapon {unknown}
Potions
 a - a potion of lignification
 h - 2 potions of stabbing
 n - 11 potions of curing
 o - 2 potions of mutation
 t - 2 potions of haste
 z - 2 potions of resistance
 G - 3 potions of might {unknown}
 I - 3 potions of heal wounds {unknown}
 J - a potion of invisibility {unknown}
 V - a potion of flight {unknown}
 Y - a potion of cancellation {unknown}
Comestibles
 f - 25 rations


   Skills:
 - Level 14.4 Fighting
 - Level 16.0 Staves
 - Level 2.0 Throwing
 - Level 13.0 Armour
 - Level 12.0 Dodging
 * Level 9.1 Invocations


You had 13 spell levels left.
You didn't know any spells.
Your spell library contained the following spells:

 Spells                   Type           Power        Failure   Level  Hunger
 Beastly Appendage        Tmut           #.....       47%         1    ##.....
 Infusion                 Chrm           #...         47%         1    ##.....
 Magic Dart               Conj           #...         47%         1    ##.....
 Blink                    Tloc           N/A          63%         2    ###....
 Call Imp                 Summ           #.......     63%         2    ###....
 Shroud of Golubria       Chrm/Tloc      #.....       63%         2    ###....
 Slow                     Hex            #.......     63%         2    ###....
 Song of Slaying          Chrm           #.......     63%         2    ###....
 Sticks to Snakes         Tmut           #.......     63%         2    ###....
 Conjure Flame            Conj/Fire      #.......     85%         3    ####...
 Mephitic Cloud           Conj/Pois/Air  #.......     85%         3    ####...
 Ozocubu's Armour         Chrm/Ice       #.......     85%         3    ####...
 Spectral Weapon          Hex/Chrm       #.......     85%         3    ####...
 Spider Form              Tmut/Pois      #.........   85%         3    ####...
 Ice Form                 Ice/Tmut       #.......     99%         4    #####..
 Blade Hands              Tmut           #.........   100%        5    ######.


Dungeon Overview and Level Annotations

Branches:
Dungeon (11/15)            Temple (1/1) D:7            Lair (6/6) D:10
  Swamp (0/4) Lair:2       Spider (0/4) Lair:4        Slime (0/5) Lair:6
    Orc (2/2) D:10            Elf (0/3) Orc:2

Altars:
Ashenzari
Cheibriados
Dithmenos
Elyvilon
Fedhas
Gozag
Hepliaklqana
Kikubaaqudgha
Makhleb
Nemelex Xobeh
Okawaru
Qazlal
Ru
Sif Muna
Trog
Uskayaw
Vehumet
Wu Jian
Xom
Yredelemnul
Zin
The Shining One

Annotations:
D:6 3 runed translucent doors, Frank's ghost, novice DsGl
Lair:1 2 transporters, Kuidesed's ghost, journeyman DrCj
Lair:5 3 runed translucent doors, Enanan's ghost, journeyman CeAM
Orc:2 2 transporters, Luthien's ghost, journeyman DECj


Innate Abilities, Weirdness & Mutations

You reflexively headbutt those who attack you in melee.
You have a pair of horns on your head.


Message History

The rust devil misses you. You furiously retaliate!
You headbutt the rust devil, but do no damage.
The orc sorcerer is engulfed in freezing vapours.
You kill the orc sorcerer!
Qazlal accepts your kill.
The sixfirhy disappears in a puff of smoke!
The rust devil disappears in a puff of smoke! x2
The orc hits you from afar with a +0 trident of protection.
* * * LOW HITPOINT WARNING * * *
The orc priest closely misses you.
Unknown command.
Unknown command.
You fail to use your ability.
The orc warrior hits you from afar with a +0 glaive!!
* * * LOW HITPOINT WARNING * * *
The orc priest is struck by lightning.
You kill the orc priest!
Qazlal accepts your kill.
The orc warrior hits you with a +0 dire flail!!
You die...

## ## #.# ###
##.##.
...##..##......
#..............
#..............
#.............
#.#...§..§.....
......°>§......
.....°§@○§o....
.....°§o☼o##...
#..#.ooo..§.# .
#..............
....#..........
#.............#
#..............
#..........#...


You could see 2 orc warriors, an orc priest, an orc wizard (fast) and 2 orcs.

Vanquished Creatures
  Harold (D:7)
  A hydra (Lair:5)
  A merfolk avatar (Lair:6)
  A two-headed ogre (D:9)
  3 death yaks (D:10)
  An orc high priest (Orc:2)
  Urug (Orc:1)
  Sonja (Lair:1)
  A deep elf archer (Orc:2)
  An orc knight (Orc:2)
  3 deep elf magi
  4 orc sorcerers
  A harpy (Lair:6)
  A cyclops (D:11)
  An oklob plant (Lair:3)
  3 manticores
  8 elephants
  4 black mambas
  12 spiny frogs
  5 rime drakes
  9 komodo dragons
  2 tyrant leeches (Lair:2)
  7 hornets
  5 polar bears (Lair:6)
  2 jumping spiders (Lair:4)
  A wind drake (Lair:6)
  6 trolls
  3 blink frogs (Lair:6)
  6 dream sheep (Lair:4)
  12 hippogriffs
  3 redbacks (Lair:4)
  52 yaks
  4 wyverns
  A vampire (D:10)
  A steam dragon (D:10)
  2 basilisks
  Edmund (D:6)
  Menkaure (D:2)
  3 wargs (Orc:2)
  12 water moccasins
  4 ice beasts
  18 orc warriors
  8 porcupines
  2 sky beasts
  2 black bears (D:10)
  10 ogres
  3 phantoms
  5 centaurs
  A boggart (D:9)
  A necrophage (D:10)
  9 wolves
  15 crocodiles
  6 big kobolds
  4 gnoll sergeants
  14 bullfrogs
  6 scorpions
  15 killer bees
  15 wights
  A howler monkey (D:9)
  3 electric eels
  7 crimson imps
  2 bullfrog zombies
  2 centaur zombies
  A quasit (D:11)
  A centaur skeleton (D:7)
  11 orc priests
  2 hounds
  Crazy Yiuf (D:2)
  3 jellies
  Jessica (D:2)
  3 bullfrog skeletons
  15 orc wizards
  3 iguanas
  12 worker ants
  A killer bee zombie (D:7)
  4 hound skeletons
  Robin (D:2)
  16 gnolls
  16 adders
  2 shadow imps
  2 adder zombies (D:9)
  6 adder skeletons
  3 worms
  A dart slug (D:4)
  5 leopard geckos
  71 orcs
  A ball python (D:1)
  3 giant cockroaches
  15 goblins
  14 hobgoblins
  15 jackals
  4 quokkas
  A ball python skeleton (D:5)
  8 bats
  5 frilled lizards
  A giant cockroach zombie (D:2)
  A jackal zombie (D:8)
  26 kobolds
  A leopard gecko skeleton (D:5)
  A quokka skeleton (D:4)
  9 rats
  A plant (Lair:3)
627 creatures vanquished.

Vanquished Creatures (collateral kills)
  An orc warlord (Orc:1)
  An orc knight (Orc:2)
  3 orcs
5 creatures vanquished.

Vanquished Creatures (others)
  An orc (D:4)
  A jackal (D:4)
  11 fungi
  10 plants
23 creatures vanquished.

Grand Total: 655 creatures vanquished

Notes
Turn   | Place    | Note
-------+----------+-------------------------------------------
     0 | D:1      | gruber the Minotaur Gladiator began the quest for the Orb.
     0 | D:1      | Reached XP level 1. HP: 18/18 MP: 0/0
    39 | D:1      | Reached skill level 4 in Staves
   310 | D:1      | Reached XP level 2. HP: 24/25 MP: 1/1
   501 | D:1      | Reached skill level 5 in Staves
   532 | D:1      | Reached XP level 3. HP: 28/30 MP: 2/2
   983 | D:2      | Identified the +1 helmet "Ysaedia" {rElec rPois Int+2
                  | Stlth+}
   983 | D:2      | Noticed Robin
   985 | D:2      | Reached skill level 1 in Armour
  1252 | D:2      | Killed Robin
  1314 | D:2      | Found a transporter.
  1320 | D:2      | Found a transporter.
  1398 | D:2      | Reached XP level 4. HP: 37/37 MP: 3/3
  1514 | D:2      | Noticed Jessica
  1520 | D:2      | Killed Jessica
  1623 | D:2      | Found a runed translucent door.
  1624 | D:2      | Noticed Crazy Yiuf
  1790 | D:2      | Killed Crazy Yiuf
  1999 | D:2      | Reached XP level 5. HP: 42/46 MP: 4/4
  2056 | D:2      | Found a basalt altar of Yredelemnul.
  2060 | D:2      | Noticed Menkaure
  2066 | D:2      | Found an ancient bone altar of Kikubaaqudgha.
  2321 | D:3      | Noticed a crocodile
  2321 | D:3      | a bullfrog changed into a crocodile
  2324 | D:3      | Killed a crocodile
  2324 | D:3      | Reached skill level 6 in Staves
  2527 | D:3      | Reached XP level 6. HP: 49/52 MP: 5/5
  2727 | D:4      | Reached skill level 7 in Staves
  2978 | D:4      | Reached skill level 8 in Staves
  2996 | D:4      | Found a blossoming altar of Fedhas.
  3054 | D:4      | Reached XP level 7. HP: 30/59 MP: 6/6
  3172 | D:2      | Killed Menkaure
  3172 | D:2      | Reached skill level 9 in Staves
  3194 | D:2      | Got an ancient lajatang
  3195 | D:2      | Identified the +5 lajatang of Instinct {flame, *Contam
                  | rElec MR+ Dex+2} (You found it on level 2 of the Dungeon)
  3591 | D:4      | Reached skill level 10 in Staves
  3732 | D:5      | Entered Level 5 of the Dungeon
  3853 | D:5      | Reached XP level 8. HP: 66/66 MP: 7/7
  3944 | D:5      | Got a smelly ring mail
  3955 | D:5      | Identified the +1 ring mail of the Red Skies {*Contam +Inv
                  | Regen+ Int+5} (You found it on level 5 of the Dungeon)
  4149 | D:5      | Reached skill level 11 in Staves
  4495 | D:6      | Reached skill level 12 in Staves
  4566 | D:6      | Noticed Edmund
  4577 | D:6      | Killed Edmund
  4620 | D:6      | Found an ancient bone altar of Kikubaaqudgha.
  4622 | D:6      | Found a snail-covered altar of Cheibriados.
  4622 | D:6      | Found a shimmering altar of Xom.
  4624 | D:6      | Found a shimmering blue altar of Sif Muna.
  4624 | D:6      | Found an opulent altar of Gozag.
  4624 | D:6      | Found a shimmering altar of Xom.
  4654 | D:6      | Found a glowing golden altar of the Shining One.
  4657 | D:6      | Found a radiant altar of Vehumet.
  4667 | D:6      | Found a hazy altar of Hepliaklqana.
  4667 | D:6      | Found a bloodstained altar of Trog.
  4685 | D:6      | Found a white marble altar of Elyvilon.
  4772 | D:6      | Reached skill level 13 in Staves
  4921 | D:6      | Found a runed translucent gate.
  4921 | D:6      | Found a runed translucent gate.
  4921 | D:6      | Found a runed translucent gate.
  4922 | D:6      | Noticed Frank's ghost (novice DsGl)
  5121 | D:7      | Reached XP level 9. HP: 69/71 MP: 8/8
  5668 | D:7      | Found a staircase to the Ecumenical Temple.
  5682 | Temple   | Entered the Ecumenical Temple
  5937 | D:7      | Reached skill level 14 in Staves
  6168 | D:7      | Noticed Harold
  6179 | D:7      | Killed Harold
  6179 | D:7      | Reached skill level 15 in Staves
  6644 | Temple   | Became a worshipper of Qazlal Stormbringer
  6704 | D:8      | Reached XP level 10. HP: 78/78 MP: 9/9
  6708 | D:8      | Reached skill level 16 in Staves
  6878 | D:8      | Reached skill level 5 in Armour
  7063 | D:8      | Reached * piety under Qazlal
  7695 | D:9      | Found a burning altar of Makhleb.
  7816 | D:9      | Noticed a two-headed ogre
  7824 | D:9      | Killed a two-headed ogre
  7923 | D:9      | Noticed a deep elf mage
  7925 | D:9      | Identified the amulet of Niazxanavu {RegenMP rPois rN++
                  | Str-2 Dex+3}
  7930 | D:9      | Paralysed by a hornet for 1 turns
  7931 | D:9      | Reached skill level 10 in Armour
  7946 | D:9      | Killed a deep elf mage
  8076 | D:9      | Reached XP level 11. HP: 84/84 MP: 10/10
  8089 | D:9      | Got a fine shortbow
  8164 | D:9      | Identified the +5 shortbow of Conservatism {vorpal, rC+ rN+
                  | Int+4} (You found it on level 9 of the Dungeon)
  8229 | D:9      | Reached ** piety under Qazlal
  8237 | D:9      | Found a shadowy altar of Dithmenos.
  8602 | D:10     | Entered Level 10 of the Dungeon
  8743 | D:10     | Found a staircase to the Orcish Mines.
  8775 | D:10     | Identified the +9 whip of Desertification {freeze, rElec
                  | rF+ Dex-2}
  8918 | D:10     | Reached *** piety under Qazlal
  9241 | D:10     | Noticed a death yak
  9241 | D:10     | Noticed a death yak
  9243 | D:10     | Found a staircase to the Lair.
  9243 | D:10     | Noticed a death yak
  9260 | D:10     | Killed a death yak
  9260 | D:10     | Reached skill level 5 in Dodging
  9287 | D:10     | Killed a death yak
  9357 | D:10     | Killed a death yak
  9664 | D:10     | Reached **** piety under Qazlal
  9913 | D:11     | Reached XP level 12. HP: 91/91 MP: 11/11
 10026 | Lair:1   | Entered Level 1 of the Lair of Beasts
 10029 | Lair:1   | Found a transporter.
 10029 | Lair:1   | Noticed Sonja
 10033 | Lair:1   | Killed Sonja
 10058 | Lair:1   | Reached skill level 10 in Dodging
 10099 | Lair:1   | Identified the +9 demon whip of the Lost Visionaries
                  | {drain, +Blink rF+}
 10113 | Lair:1   | Identified the +8 trident of Reason {antimagic, rF+ Int+3
                  | SInv Stlth+}
 10140 | Lair:1   | Found a transporter.
 10141 | Lair:1   | Found a bloodstained altar of Trog.
 10150 | Lair:1   | Noticed Kuidesed's ghost (journeyman DrCj)
 11019 | Lair:2   | Reached skill level 5 in Fighting
 11366 | Lair:2   | Reached ***** piety under Qazlal
 11456 | Lair:2   | Found a staircase to the Swamp.
 11991 | Lair:3   | Reached XP level 13. HP: 83/113 MP: 12/12
 12125 | Lair:3   | Reached skill level 10 in Fighting
 13106 | Lair:4   | Found a hole to the Spider Nest.
 13919 | Lair:5   | Found a runed translucent gate.
 13919 | Lair:5   | Found a runed translucent gate.
 13919 | Lair:5   | Found a runed translucent gate.
 13919 | Lair:5   | Noticed Enanan's ghost (journeyman CeAM)
 14619 | Lair:6   | Entered Level 6 of the Lair of Beasts
 14667 | Lair:6   | Found a staircase to the Slime Pits.
 14761 | Lair:6   | Reached ****** piety under Qazlal
 14823 | Lair:6   | Reached skill level 1 in Invocations
 15099 | Lair:6   | Reached XP level 14. HP: 100/133 MP: 16/16
 15198 | Lair:6   | Reached skill level 5 in Invocations
 15701 | Lair:6   | Got an encrusted plate armour
 16716 | Orc:1    | Entered Level 1 of the Orcish Mines
 16716 | Orc:1    | Noticed Urug
 16722 | Orc:1    | Killed Urug
 16869 | Orc:1    | Identified the +1 plate armour of Light {+Inv} (You found
                  | it on level 6 of the Lair of Beasts)
 16887 | Orc:2    | Entered Level 2 of the Orcish Mines
 16895 | Orc:2    | Noticed an orc warlord
 17032 | Orc:1    | Killed an orc warlord
 17244 | Orc:2    | Found a staircase to the Elven Halls.
 17590 | Orc:2    | Found a transporter.
 17608 | Orc:2    | Found a transporter.
 17611 | Orc:2    | Noticed Luthien's ghost (journeyman DECj)
 17731 | Orc:1    | HP: 4/133 [orc warrior/+0 glaive (29)]
 17731 | Orc:1    | Demolished by an orc warrior

Illustrated notes

Levels and vault maps discovered:
D:1:      giann_wishing_wells, layout_loops_ring, minivault_23
D:2:      layout_basic, gammafunk_temple_of_torment, uniq_crazy_yiuf_cottage,
          uniq_jessica, uniq_robin
D:3:      layout_rooms, st_stairs_7
D:4:      layout_basic, fedhas_bush_and_centaur_altar, minmay_cupped
D:5:      layout_loops_ring, first_ration, nrook_uturn
D:6:      layout_rooms, doesnt_xom_only_xom, grunt_temple_overflow_open,
          elyvilon_altar_3, gammafunk_ghost_necromancy, minivault_26,
          chequers_serial_rivers_small_b, uniq_edmund
D:7:      layout_basic, minmay_temple_entry_large_hall, uniq_harold
D:8:      layout_loops_ring
D:9:      minmay_the_grid_triangle_9x9_rhombus_thin
          [minmay_the_grid_triangle_9x9_sprig,
          minmay_the_grid_triangle_9x9_prize_center,
          minmay_the_grid_triangle_9x9_descending_squares,
          minmay_the_grid_triangle_9x9_from_above], layout_long_grid,
          marbit_many_paths, nicolae_dithmenos_shadow_blocks
D:10:     layout_roguey, dpeg_lair_monsters,
          kennysheep_orc_monster_closet_entryway
D:11:     layout_gridville
Temple:   minmay_temple_curvy_loop
Lair:1:   layout_gridlike, gammafunk_ghost_wrathful_warriors,
          beast_lair_carwin_4, uniq_sonja
Lair:2:   layout_cave_pods, minmay_swamp_entry_worms, infiniplex_staircase_pool,
          grunt_megastairs_4
Lair:3:   layout_gridlike, serial_bayou_lagoon_b, minmay_lair_oklob_chamber
Lair:4:   layout_roguey, nicolae_spider_entry_tight_spaces
Lair:5:   layout_cave_pods, gammafunk_ghost_necromancy,
          chequers_serial_rivers_micro_c, serial_bayou_crossing
Lair:6:   gammafunk_lair_ancient_temple, layout_small_grid, slime_dummy
Orc:1:    layout_caves, sword_in_stone, uniq_urug
Orc:2:    st_orc_pillars, layout_caves, gammafunk_ghost_berserking_beasts,
          elf_legates

Skill      XL: |  1  2  3  4  5  6  7  8  9 10 11 12 13 14 |
---------------+-------------------------------------------+-----
Staves         | 4 5 6 8 10 13 15 16 | 16.0
Armour         | 2 3 10 13 | 13.0
Fighting       | 4 9 14 | 14.4
Dodging        | 9 12 | 12.0
Invocations    | 4 9 |  9.1
Throwing       | |  2.0

Action                   |  1- 3 |  4- 6 |  7- 9 | 10-12 | 13-15 || total
-------------------------+-------+-------+-------+-------+-------++-------
Melee: Quarterstaff      |    65 |    96 |     6 |       |       ||   167
       Headbutt          |    11 |    12 |    27 |   126 |   115 ||   291
       Lajatang          |       |       |   198 |   569 |   461 ||  1228
Throw: Dart              |       |       |       |       |    10 ||    10
       Throwing net      |       |       |       |       |     6 ||     6
       Javelin           |       |       |       |       |     1 ||     1
Invok: Elemental Force   |       |       |       |       |     3 ||     3
Evoke: Wand              |       |       |       |       |     1 ||     1
  Use: Potion            |       |       |       |     1 |       ||     1
       Scroll            |       |       |       |     1 |    15 ||    16
 Stab: Sleeping          |     1 |       |     1 |       |       ||     2
  Eat: Chunk             |     1 |     6 |    10 |    17 |    19 ||    53
Armor: Leather armour    |     8 |    12 |    10 |       |       ||    30
       Ring mail         |       |       |    35 |   145 |    80 ||   260
Dodge: Dodged            |    47 |    72 |   115 |   284 |   288 ||   806
       Repelled          |       |       |       |     1 |     9 ||    10
Block: Other             |       |       |       |    67 |   135 ||   202
